 Dungeon Crawl Stone Soup version 0.19-a0-1072-g3763c35 (webtiles) character file.

80 Jmtri7 the Skirmisher (level 4, 0/42 HPs)
             Began as a Hill Orc Fighter on Aug 5, 2016.
             Slain by Sigmund
             ... wielding a +0 scythe
              (7 damage)
             ... on level 2 of the Dungeon.
             The game lasted 00:03:59 (1207 turns).

Jmtri7 the Skirmisher (Hill Orc Fighter)            Turns: 1207, Time: 00:03:59

Health: 0/42       AC: 11    Str: 30    XL:     4   Next: 39%
Magic:  4/4        EV:  5    Int:  8    God:
Gold:   105        SH: 10    Dex: 10    Spells: 0 memorised, 3 levels left

rFire  . . .     SeeInvis .     a - +0 war axe
rCold  . . .     Gourm    .     k - +0 plate armour
rNeg   . . .     Faith    .     c - +0 shield
rPois  .         Spirit   .     (no helmet)
rElec  .         Dismiss  .     (no cloak)
rCorr  .         Reflect  .     (no gloves)
SustAt +         Harm     .     (no boots)
MR     .....                    (no amulet)
Stlth  ..........               m - +6 ring of strength
                                l - ring of sustain attributes

@: mighty
A: no striking features
a: no special abilities


You were on level 2 of the Dungeon.
You were not hungry.

You visited 1 branch of the dungeon, and saw 2 of its levels.

You collected 105 gold pieces.

Inventory:

Hand Weapons
 a - a +0 war axe (weapon)
Armour
 c - a +0 shield (worn)
 k - a +0 plate armour (worn)
Jewellery
 l - a ring of sustain attributes (left hand)
 m - a +6 ring of strength (right hand)
Scrolls
 b - a scroll of fog {unknown}
 g - 2 scrolls of identify {unknown}
 j - a scroll of remove curse {unknown}
 o - a scroll of magic mapping {unknown}
 p - 2 scrolls of amnesia {unknown}
 q - a scroll of noise {unknown}
 r - a scroll of immolation {unknown}
 s - a scroll of recharging {unknown}
Potions
 e - a potion of lignification {unknown}
Comestibles
 f - 2 bread rations
 h - 6 chunks of flesh
 i - 5 fruits
 n - a beef jerky


   Skills:
 - Level 5.5 Fighting
 + Level 2.8 Axes
 + Level 3.9 Armour
 + Level 3.3 Shields


You had 3 spell levels left.
You didn't know any spells.

Dungeon Overview and Level Annotations

Branches:
Dungeon (2/15)

Altars:

Annotations:
D:2 Sigmund


Message History

Sigmund is moderately wounded.
Sigmund gestures wildly while chanting.
Sigmund flickers and vanishes!
Deactivating autopickup; reactivate with Ctrl-A.
Something hits you.
Your shield and plate armour prevent you from hitting something.
You block something's attack.
You closely miss something. Something hits you.
Your shield prevents you from hitting something.
Something hits you but does no damage.
You miss something.
You hear some strange, mumbled words.
A puff of flame appears from out of thin air!
The puff of flame hits you!
* * * LOW HITPOINT WARNING * * *
You feel very mighty all of a sudden. Something hits you.
* * * LOW HITPOINT WARNING * * *
You closely miss something. Something hits you!
You die...

## .. #. # #.
#...##.#######
#...{@.....#####
.......####......#
####### ##.###.#
### #.## #..# ##.#
### #...# .# #.#
..####...##. #.#
..........>. #.#


There were no monsters in sight!

Vanquished Creatures
  4 gnolls (D:2)
  An adder (D:2)
  3 dart slugs
  A giant gecko (D:1)
  2 giant cockroaches (D:1)
  5 goblins
  4 hobgoblins
  2 bats
  A kobold (D:1)
  4 rats
27 creatures vanquished.

Notes
Turn   | Place    | Note
-------+----------+-------------------------------------------
     0 | D:1      | Jmtri7 the Hill Orc Fighter began the quest for the Orb.
     0 | D:1      | Reached XP level 1. HP: 19/19 MP: 1/1
   130 | D:1      | Reached skill level 4 in Fighting
   278 | D:1      | Reached XP level 2. HP: 25/27 MP: 2/2
   882 | D:2      | Reached XP level 3. HP: 29/34 MP: 3/3
   885 | D:2      | Reached skill level 5 in Fighting
   888 | D:2      | Reached XP level 4. HP: 23/42 MP: 4/4
  1192 | D:2      | Noticed Sigmund
  1207 | D:2      | Slain by Sigmund

Vault maps used:
D:1:      onia_arrival_mini_maze_b, st_stairs_14, minivault_19
D:2:      grunt_dithmenos_smoke, uniq_sigmund

Skill      XL: |  1  2  3 |
---------------+----------+-----
Fighting       | 4 5 |  5.5
Axes           | |  2.8
Armour         | |  3.9
Shields        | |  3.3

Action                   |  1- 3 |  4- 6 || total
-------------------------+-------+-------++-------
Melee: War axe           |    58 |    49 ||   107
       Whip              |     2 |       ||     2
  Use: Potion            |       |     1 ||     1
  Eat: Chunk             |       |     1 ||     1
Armor: Scale mail        |     5 |       ||     5
       Plate armour      |    35 |    28 ||    63
Dodge: Dodged            |    12 |     8 ||    20
Block: Shield            |    34 |    28 ||    62
